 Dungeon Crawl Stone Soup version 0.28.0-43-g3370ac3207 (webtiles) character file.

Game seed: 2612716555930916720

2685 DearestLeader the Cleaver (level 9, -4/71 HPs)
             Began as a Minotaur Fighter on Mar 10, 2022.
             Slain by an orc knight
             ... wielding a +0 war axe
              (17 damage)
             ... in a bailey.
             The game lasted 00:10:28 (6471 turns).

DearestLeader the Cleaver (Minotaur Fighter)        Turns: 6471, Time: 00:10:29

Health: -4/71      AC: 18    Str: 24    XL:     9   Next: 38%
Magic:  8/8        EV:  7    Int:  7    God:
Gold:   260        SH:  4    Dex: 11    Spells: 7/8 levels left

rFire   . . .      SeeInvis .   u - +1 mace "Tuwk" {vorpal, Fly rC+ rN+}
rCold   + . .      Faith    .   c - +0 buckler
rNeg    + . .      Spirit   .   z - +0 plate armour
rPois   .          Reflect  .   (helmet restricted)
rElec   .          Harm     .   t - +0 cloak
rCorr   .          Rampage  .   (no gloves)
Will    +....                   (no boots)
Stlth   ..........              B - amulet of regeneration
HPRegen 1.01/turn               y - +4 ring of protection
MPRegen 0.11/turn               (no ring)

@: mighty, flying
A: horns 2, retaliatory headbutt, frail 1, strong-willed 1, strong 1
a: no special abilities


You were in a bailey.
You visited 2 branches of the dungeon, and saw 8 of its levels.
You also visited: Bailey.

You collected 260 gold pieces.

Inventory:

Hand Weapons
 a - a +0 war axe
 e - a +0 hunting sling
 s - a +2 vorpal mace
 u - the +1 mace "Tuwk" (weapon) {vorpal, Fly rC+ rN+}
   (You found it on level 4 of the Dungeon)

   It inflicts extra damage upon your enemies.
   rC:        It protects you from cold.
   rN:        It protects you from negative energy.
   Fly:       It grants you flight.
Missiles
 f - 6 sling bullets
Armour
 b - a +0 scale mail
 c - a +0 buckler (worn)
 t - a +0 cloak (worn)
 z - a +0 plate armour (worn)
Jewellery
 k - a ring of ice
 y - a +4 ring of protection (left hand)
 B - an amulet of regeneration (around neck)
Wands
 j - a wand of flame (18)
 q - a wand of polymorph (7)
 A - a wand of digging (1)
Scrolls
 d - a scroll of immolation
 l - 6 scrolls of holy word
 m - a scroll of vulnerability
 o - a scroll of fog
 x - a scroll of enchant armour {unknown}
Potions
 g - a potion of curing
 h - a potion of flight
 i - a potion of degeneration


   Skills:
 - Level 7.0 Fighting
 * Level 12.6 Axes
 + Level 6.4 Armour
 - Level 3.0 Dodging
 - Level 4.0 Shields


You had 7 spell levels left.
You knew the following spells:

 Your Spells              Type           Power      Damage    Failure   Level
a - Sandblast             Erth           0%         2d4       100%        1

Your spell library contained the following spells:

 Spells                   Type           Power      Damage    Failure   Level
 Shock                    Conj/Air       0%         1d3       100%        1
 Corpse Rot               Necr/Air       0%         N/A       100%        2
 Passwall                 Tmut/Erth      0%         N/A       100%        2
 Poisonous Vapours        Pois/Air       0%         N/A       100%        2
 Stone Arrow              Conj/Erth      0%         3d7       100%        3
 Swiftness                Air            0%         N/A       100%        3
 Tukima's Dance           Hex            0%         N/A       100%        3
 Airstrike                Air            0%         N/A       100%        4
 Passage of Golubria      Tloc           0%         N/A       100%        4
 Alistair's Intoxication  Tmut/Pois      0%         N/A       100%        5
 Borgnjor's Vile Clutch   Necr/Erth      0%         N/A       100%        5
 Iskenderun's Battlesphe  Conj           0%         2d6       100%        5
 Yara's Violent Unravell  Hex/Tmut       0%         3d3       100%        5
 Eringya's Noxious Bog    Tmut/Pois      0%         N/A       100%        6
 Iron Shot                Conj/Erth      0%         9d1       100%        6
 Spellforged Servitor     Conj/Summ      0%         N/A       100%        7


Dungeon Overview and Level Annotations

Branches:
Dungeon (7/15)             Temple (1/1) D:4          Bailey (1/1)

Altars:
Ashenzari
Cheibriados
Dithmenos
Elyvilon
Fedhas
Gozag
Hepliaklqana
Kikubaaqudgha
Makhleb
Nemelex Xobeh
Qazlal
Ru
Sif Muna
Trog
Uskayaw
Vehumet
Wu Jian
Xom
Yredelemnul
Zin
The Shining One

Shops:
D:5 *


Innate Abilities, Weirdness & Mutations

You have a pair of horns on your head.
You reflexively headbutt those who attack you in melee.
You are frail. (-10% HP)
You are strong-willed. (Will+)
Your muscles are strong. (Str +2)


Message History

You sock the goblin!
You kill the goblin!
You sock the orc!
You kill the orc!
You block the orc knight's attack.
There is an open door here.
Items here: )) [[ ††.
You closely miss the orc knight. Your headbutt misses the orc knight.
The orc knight hits you with a +0 war axe!
You hit the orc knight but do no damage.
The orc knight hits you with a +0 war axe!
You barely miss the orc knight. Your headbutt misses the orc knight.
The orc knight hits you with a +0 war axe!!
The orc knight hits you with a +0 war axe!
* * * LOW HITPOINT WARNING * * *
You are too injured to fight recklessly!
You are too injured to fight recklessly!
You feel very mighty all of a sudden. The orc knight completely misses you.
You hit the orc knight.
The orc knight is lightly wounded.
The orc knight hits you with a +0 war axe!!
* * * LOW HITPOINT WARNING * * *
You barely miss the orc knight.
The orc knight is lightly wounded.
You block the orc knight's attack.
You closely miss the orc knight. Your headbutt misses the orc knight.
The orc knight is lightly wounded.
The orc knight hits you but does no damage.
You hit the orc knight. Your headbutt misses the orc knight.
The orc knight is lightly wounded.
The orc knight hits you with a +0 war axe.
* * * LOW HITPOINT WARNING * * *
You closely miss the orc knight. Your headbutt misses the orc knight.
The orc knight is lightly wounded.
The orc knight barely misses you.
You closely miss the orc knight. Your headbutt misses the orc knight.
The orc knight is lightly wounded.
The orc knight hits you with a +0 war axe!
You die...

#.........##
.....⌠.....#######
#.........##.....##
#.......).#.......#
#....)..##.......##
#.......).........+
##.....##.........##
#######..o..⌠.....#
##..@......#
#.........#
##.......##
#..)))..# ##...).##
♣♣##'''##♣♣
♣.........♣
♣♣♣.......♣♣♣
♣.....∩.....♣


You could see an orc knight.

Vanquished Creatures
  Grinder (D:4)
  Sigmund (D:4)
  Eustachio (D:5)
  2 vampire mosquitoes (D:7)
  2 sky beasts (D:5)
  2 orc warriors (Bailey)
  An ice beast (D:6)
  A black bear (D:5)
  2 phantoms
  A scorpion (D:5)
  A wyvern skeleton (D:5)
  2 water moccasin zombies
  2 water moccasin skeletons
  7 wights
  A centaur zombie (D:6)
  A bullfrog zombie (D:6)
  Crazy Yiuf (D:4)
  2 hounds
  A jelly (D:6)
  2 bullfrog skeletons
  2 centaur skeletons (D:6)
  4 iguanas
  An orc wizard (D:6)
  A howler monkey zombie (D:6)
  4 gnolls
  4 adders
  A shadow imp (D:5)
  An ufetubus (D:5)
  An adder skeleton (D:4)
  3 worms
  11 orcs
  5 ball pythons
  5 bats
  4 endoplasms
  2 giant cockroaches
  10 goblins
  8 hobgoblins
  7 jackals
  4 kobolds
  3 quokkas
  3 frilled lizards
  7 rats
125 creatures vanquished.

Vanquished Creatures (others)
  11 plants (D:4)
11 creatures vanquished.

Grand Total: 136 creatures vanquished

Notes
Turn   | Place    | Note
-------+----------+-------------------------------------------
     0 | D:1      | DearestLeader the Minotaur Fighter began the quest for the
                  | Orb.
     0 | D:1      | Reached XP level 1. HP: 19/19 MP: 0/0
   342 | D:1      | Reached XP level 2. HP: 27/27 MP: 1/1
   793 | D:2      | Found a white marble altar of Elyvilon.
   800 | D:2      | Reached skill level 3 in Axes
  1043 | D:2      | Reached XP level 3. HP: 33/33 MP: 2/2
  1186 | D:2      | Reached skill level 1 in Dodging
  1368 | D:3      | Learned a level 1 spell: Sandblast
  1514 | D:3      | Noticed a phantom
  1524 | D:3      | Killed a phantom
  1525 | D:3      | Reached skill level 4 in Axes
  1525 | D:3      | Reached XP level 4. HP: 23/40 MP: 3/3
  1901 | D:3      | Reached XP level 5. HP: 29/46 MP: 4/4
  1914 | D:3      | Reached skill level 5 in Axes
  2194 | D:3      | Found a faded altar of an unknown god.
  2721 | D:4      | Reached skill level 6 in Axes
  2721 | D:4      | Reached XP level 6. HP: 38/52 MP: 5/5
  2823 | D:4      | Found a blossoming altar of Fedhas.
  3016 | D:4      | Found a bloodstained altar of Trog.
  3126 | D:4      | Noticed Sigmund
  3128 | D:4      | Gained mutation: You are strong-willed. (Will+) [potion of
                  | mutation]
  3128 | D:4      | Gained mutation: Your muscles are strong. (Str +2) [potion
                  | of mutation]
  3128 | D:4      | Gained mutation: You are frail. (-10% HP) [potion of
                  | mutation]
  3139 | D:4      | Killed Sigmund
  3140 | D:4      | Reached skill level 7 in Axes
  3491 | D:4      | Found a staircase to the Ecumenical Temple.
  3501 | Temple   | Entered the Ecumenical Temple
  3835 | D:4      | Found a runed translucent door.
  3837 | D:4      | Noticed Crazy Yiuf
  3843 | D:4      | Killed Crazy Yiuf
  3844 | D:4      | Reached XP level 7. HP: 22/53 MP: 6/6
  3852 | D:4      | Identified the +1 mace "Tuwk" {vorpal, Fly rC+ rN+}
  4278 | D:5      | Entered Level 5 of the Dungeon
  4342 | D:5      | Noticed Grinder
  4342 | D:5      | Noticed Eustachio
  4367 | D:4      | Paralysed by Grinder for 3 turns
  4370 | D:4      | Killed Grinder
  4371 | D:4      | Reached skill level 8 in Axes
  4650 | D:5      | Killed Eustachio
  4651 | D:5      | Reached skill level 5 in Fighting
  4651 | D:5      | Reached skill level 9 in Axes
  4943 | D:5      | Found a hazy altar of Hepliaklqana.
  5027 | D:5      | Found Viuggis's Neck Hole.
  5062 | D:5      | Reached XP level 8. HP: 22/63 MP: 7/7
  5455 | D:5      | Reached skill level 10 in Axes
  5988 | D:6      | Reached skill level 11 in Axes
  6068 | D:6      | Found a radiant altar of Vehumet.
  6091 | D:6      | Reached skill level 5 in Armour
  6135 | D:6      | Reached XP level 9. HP: 69/71 MP: 8/8
  6199 | D:6      | Noticed a cyclops
  6313 | D:7      | Reached skill level 12 in Axes
  6333 | D:7      | Found a flagged portal.
  6369 | Bailey   | Entered a bailey
  6448 | Bailey   | Noticed an orc knight
  6471 | Bailey   | Slain by an orc knight

Illustrated notes

Levels and vault maps discovered:
D:1:      evilmike_arrival_rings, layout_loops_ring
D:2:      layout_basic, basic_altar
D:3:      layout_loops_ring, hellmonk_ecumenical_altar_leap_of_faith
D:4:      layout_basic, lemuel_tele_altar, fedhas_altar_decomposition,
          minmay_temple_entry_tees, uniq_crazy_yiuf_cottage, uniq_sigmund
D:5:      layout_loops_ring, mainiacjoe_overflow_concentric_impassable,
          nicolae_shop_sticking_my_neck_out, uniq_eustachio, uniq_grinder
D:6:      layout_gridville, overflow_temple_1_default, serial_undead,
          serial_undead_e, serial_undead_d, serial_undead_d, serial_undead_b,
          serial_undead_a, serial_undead_a, serial_undead_a, serial_undead_e
D:7:      layout_loops_cross, enter_bailey_2, serial_shops, shop_fountains,
          abandoned_shop
Temple:   nicolae_temple_x_marks_the_god
Bailey:   bailey_axe_minmay_hex_keep, bailey

Skill      XL: |  1  2  3  4  5  6  7  8  9 |
---------------+----------------------------+-----
Axes           | 3 4 6 7 9 11 12 | 12.6
Fighting       | 4 5 7 |  7.0
Armour         | 4 5 6 |  6.4
Shields        | 4 |  4.0
Dodging        | 2 3 |  3.0

Action                   |  1- 3 |  4- 6 |  7- 9 || total
-------------------------+-------+-------+-------++-------
Melee: War axe           |    67 |    98 |       ||   165
       Headbutt          |     9 |    15 |    42 ||    66
       Mace              |       |       |   238 ||   238
  Use: Potion            |     1 |     1 |     4 ||     6
       Scroll            |       |     3 |     8 ||    11
Armor: Scale mail        |    35 |    37 |    48 ||   120
       Skin              |       |       |    10 ||    10
       Plate armour      |       |       |   114 ||   114
Dodge: Dodged            |    29 |    41 |   110 ||   180
Block: Buckler           |    12 |    14 |    62 ||    88
